 Dungeon Crawl Stone Soup version 0.27.1-37-g7b29ead8ac (console) character file.

Game seed: 17308852111873204378

472 grimtooth the Caller (level 6, -4/24 HPs)
             Began as a Felid Summoner on Dec 8, 2023.
             Shot with an arrow by a centaur (11 damage)
             ... on level 5 of the Dungeon.
             The game lasted 00:28:19 (8349 turns).

grimtooth the Caller (Felid Summoner)               Turns: 8349, Time: 00:28:20

Health: -4/24      AC:  2    Str:  4    XL:     6   Next: 83%
Magic:  6/19       EV: 17    Int: 25    God:
Gold:   218        SH:  0    Dex: 16    Spells: 3/9 levels left
                                        Lives:  0   Deaths: 1

rFire    . . .     SeeInvis +   (weapon unavailable)
rCold    . . .     Faith    .   (shield unavailable)
rNeg     . . .     Spirit   .   (armour unavailable)
rPois    .         Reflect  .   (helmet unavailable)
rElec    .         Harm     .   (cloak unavailable)
rCorr    .         Rampage  .   (gloves unavailable)
Will     .....                  (boots unavailable)
Stlth    +++.......             (no amulet)
HPRegen  0.08/turn              c - ring of magical power
MPRegen  0.16/turn              i - +6 ring of intelligence

@: quick
A: very small, claws 1, fangs 3, see invisible, speed 1, shaggy fur 2, stealthy
paws, no weapons or thrown items, no armour, multi-lived
a: no special abilities


You were on level 5 of the Dungeon.
You visited 1 branch of the dungeon, and saw 5 of its levels.
You also visited: Sewer.

You collected 218 gold pieces.

Inventory:

Jewellery
 c - a ring of magical power (left paw)
 d - a ring of positive energy
 i - a +6 ring of intelligence (right paw)
 m - a ring of ice
 t - a ring of resist corrosion
Wands
 h - a wand of flame (14)
 k - a wand of polymorph (13)
 o - a wand of paralysis (5)
Scrolls
 a - 2 scrolls of teleportation
 e - 2 scrolls of noise {unknown}
 f - 2 scrolls of magic mapping {unknown}
 n - a scroll of brand weapon {unknown}
 q - a scroll of summoning {unknown}
 u - a scroll of immolation {unknown}
Potions
 b - a potion of curing
 j - 2 potions of attraction
 l - a potion of ambrosia
 p - 2 potions of heal wounds {unknown}
 r - 2 potions of might
 s - a potion of haste


   Skills:
 + Level 2.8 Dodging
 - Level 6.0 Stealth
 - Level 2.0 Spellcasting
 * Level 7.6 Summonings


You had 3 spell levels left.
You knew the following spells:

 Your Spells              Type           Power      Damage    Failure   Level
L - Summon Small Mammal   Summ           100%       N/A       1%          1
N - Call Canine Familiar  Summ           40%        N/A       1%          3
P - Call Imp              Summ           40%        N/A       1%          2

Your spell library contained the following spells:

 Spells                   Type           Power      Damage    Failure   Level
 Summon Guardian Golem    Hex/Summ       21%        N/A       7%          3
 Foxfire                  Conj/Fire      8%         2x1d4     11%         1
 Sting                    Tmut/Pois      8%         1d3       11%         1
 Poisonous Vapours        Pois/Air       4%         N/A       17%         2
 Conjure Flame            Conj/Fire      2%         6-21      32%         3
 Inner Flame              Hex/Fire       2%         N/A       32%         3
 Summon Lightning Spire   Summ/Air       21%        N/A       24%         4
 Summon Forest            Summ/Tloc      10%        N/A       54%         5
 Hailstorm                Conj/Ice       2%         3d3       73%         4
 Ice Form                 Ice/Tmut       2%         N/A       73%         4
 Olgreb's Toxic Radiance  Pois           2%         N/A       73%         4
 Summon Hydra             Summ           20%        N/A       99%         7
 Eringya's Noxious Bog    Tmut/Pois      1%         N/A       100%        6
 Simulacrum               Ice/Necr       1%         N/A       100%        6


Dungeon Overview and Level Annotations

Branches:
Dungeon (5/15)              Sewer (visited)
 Temple: D:4-7

Altars:
Dithmenos
Okawaru
Vehumet

Annotations:
D:5 Blork the orc, Duvessa, Ijyb


Innate Abilities, Weirdness & Mutations

You have sharp claws.
You have razor-sharp teeth.
You have supernaturally acute eyesight. (SInv)
You cover ground quickly. (Speed+)
You are covered in thick fur. (AC +2)
Your paws help you pounce on unaware monsters.
You are incapable of wielding weapons or throwing items.
You cannot wear armour.
You gain extra lives every three experience levels.


Message History

t - Meow!
Orders for allies: a - Attack new target. r - Retreat! s - Stop attacking. g - Guard the area. f - Follow me.
Anything else - Cancel.
Gang up on whom?
Press: ? - help, Dir - move target, f - centaur
Aim: a centaur, wielding a +0 shortbow and quivering arrows (ally target) Attack!
The centaur shoots an arrow.
The arrow hits your hound!
Your hound dies!
Your hound's corpse disappears in a puff of smoke!
Casting: Call Imp (safe; 1% risk of failure)
Confirm with . or Enter, or press ? or * to list all spells.
The centaur shoots an arrow.
The arrow hits your white imp!
The centaur unwields a +0 shortbow.
The centaur hits your white imp.
Your white imp dies!
Your white imp disappears in a puff of smoke!
What are your orders? t - Meow!
Orders for allies: a - Attack new target. p - Attack previous target. r - Retreat! s - Stop attacking. g - Guard the area. f - Follow me.
Anything else - Cancel.
Gang up on whom?
Press: ? - help, Dir - move target, f/p - centaur
Aim: a centaur, quivering arrows (purple smoke) Attack!
The centaur wields a +0 shortbow.
The centaur shoots an arrow.
The arrow misses your crimson imp.
The arrow barely misses your crimson imp.
The arrow hits you!
* * * LOW HITPOINT WARNING * * *
Press: ? - help, v - describe, . - travel
Here: a centaur, wielding a +0 shortbow and quivering arrows (ally target)
The floor.
It was a potion of curing.
You feel better.
The centaur shoots an arrow.
The arrow hits your crimson imp!
Your crimson imp barely misses the centaur.
The centaur shoots an arrow.
The arrow misses your crimson imp. The arrow hits you!
You die...

. .. ..
#.####....##...
.##
..........#....
...
................
...
..#...............
...
..................
...
..................
...
..................
...
[......)@.........
...
...#.##.##........
...
......#..##......e
...
......55#....#..
..
..#####c#...###.
#<#.........
#...........c.
#..#...c.......
#..#...........
##........#....
...#....###...


You could see a centaur (ally target) and 2 friendly crimson imps.

Vanquished Creatures
  A gnoll (D:4)
  An adder (D:2)
  2 dart slugs
  An orc (D:4)
  6 endoplasms
  4 giant cockroaches
  7 hobgoblins
  2 quokkas
  8 ball pythons
  2 bats
  3 frilled lizards
  3 kobolds
  5 rats
45 creatures vanquished.

Vanquished Creatures (collateral kills)
  A water moccasin (D:4)
  2 black bears
  A necrophage (D:4)
  A bullfrog (Sewer)
  2 scorpions (D:4)
  An iguana (D:4)
  2 orc wizards (D:4)
  3 gnolls (D:4)
  2 river rats (D:4)
  8 adders
  A worm (D:4)
  2 orcs
  9 ball pythons
  2 bats
  3 endoplasms
  7 giant cockroaches
  4 goblins
  2 hobgoblins (D:1)
  6 quokkas
  A frilled lizard (Sewer)
  A kobold (D:3)
  3 rats
64 creatures vanquished.

Vanquished Creatures (others)
  73 plants (D:4)
73 creatures vanquished.

Grand Total: 182 creatures vanquished

Notes
Turn   | Place    | Note
-------+----------+-------------------------------------------
     0 | D:1      | grimtooth the Felid Summoner began the quest for the Orb.
     0 | D:1      | Reached XP level 1. HP: 7/7 MP: 4/4
   716 | D:1      | Reached XP level 2. HP: 11/11 MP: 6/6
   719 | D:1      | Learned a level 2 spell: Call Imp
  2040 | D:2      | Reached XP level 3. HP: 14/14 MP: 7/7
  2195 | D:2      | Reached skill level 5 in Summonings
  2711 | D:2      | Found a faded altar of an unknown god.
  2830 | D:2      | Learned a level 3 spell: Call Canine Familiar
  3295 | D:3      | Noticed a black bear
  3373 | D:3      | Killed a black bear
  3374 | D:3      | Reached XP level 4. HP: 10/18 MP: 7/8
  4234 | D:4      | Found a radiant altar of Vehumet.
  4240 | D:4      | Found an iron altar of Okawaru.
  4258 | D:4      | Noticed a black bear
  4278 | D:4      | Slain by a black bear
  4279 | D:4      | Reached XP level 3. HP: 0/14 MP: 11/16
  4310 | D:4      | Noticed a water moccasin
  4368 | D:4      | Found a glowing drain.
  4372 | Sewer    | Entered a sewer
  4603 | Sewer    | Reached XP level 4. HP: 18/18 MP: 8/8
  5308 | Sewer    | Noticed a bullfrog
  5344 | Sewer    | Killed a bullfrog
  5345 | Sewer    | Reached skill level 6 in Summonings
  6003 | D:4      | Reached XP level 5. HP: 21/21 MP: 9/9
  6762 | D:4      | Reached skill level 5 in Stealth
  7012 | D:4      | Found a shadowy altar of Dithmenos.
  7074 | D:4      | Gained mutation: You are covered in thick fur. (AC +2)
                  | [Felid growth]
  7074 | D:4      | Reached XP level 6. HP: 17/24 MP: 10/10
  7342 | D:4      | Reached skill level 7 in Summonings
  7950 | D:4      | Killed a water moccasin
  8296 | D:5      | Entered Level 5 of the Dungeon
  8296 | D:5      | Noticed Blork the orc
  8304 | D:5      | Noticed Ijyb
  8334 | D:5      | Noticed Duvessa
  8349 | D:5      | Shot with an arrow by a centaur

Illustrated notes

Levels and vault maps discovered:
D:1:      moated_graveyard_arrival, layout_loops_ring, chequers_arboretum,
          minivault_26
D:2:      layout_loops_ring, hellmonk_ecumenical_altar_lost_god,
          minmay_box_of_dots
D:3:      layout_basic
D:4:      wad_woods_stonehenge, layout_basic,
          mainiacjoe_overflow_large_starburst, serial_glass, glass_columns_b,
          glass_columns_b, glass_columns_a, glass_columns_c, glass_columns_b,
          glass_columns_b, glass_columns_b, glass_columns_b,
          gup_sewer_entry_bowl, minmay_misc_feat_cross
D:5:      layout_cave_pools, minmay_temple_entry_trees, nicolae_shop_clearance,
          uniq_blork_the_orc, uniq_duvessa, uniq_ijyb

Skill      XL: |  1  2  3  4  5  6 |
---------------+-------------------+-----
Stealth        | 3 4 5 6 |  6.0
Summonings     | 5 6 7 |  7.6
Dodging        | |  2.8
Spellcasting   | |  2.0

Action                   |  1- 3 |  4- 6 || total
-------------------------+-------+-------++-------
Melee: Unarmed           |   115 |    79 ||   194
       Bite              |     9 |     7 ||    16
 Cast: Summon Small Mamm |    34 |    24 ||    58
       Call Imp          |     9 |    36 ||    45
       Call Canine Famil |     5 |    14 ||    19
Evoke: Wand              |       |     3 ||     3
  Use: Scroll            |       |     5 ||     5
       Potion            |       |     1 ||     1
 Stab: Sleeping          |     6 |    13 ||    19
       Distracted        |     2 |     1 ||     3
Armor: Skin              |     2 |     5 ||     7
Dodge: Dodged            |   120 |    79 ||   199
